 Dungeon Crawl Stone Soup version 0.29.1-15-g9cfb28693d (webtiles) character file.

Game seed: 8266285055781400432

5138 kingofthe the Covert (level 10, 0/44 HPs)
             Began as a Spriggan Enchanter on Mar 13, 2023.
             Was a Follower of Dithmenos.
             Killed from afar by an efreet (21 damage)
             ... with a bolt of fire
             ... on level 9 of the Dungeon.
             The game lasted 00:45:00 (11135 turns).

kingofthe the Covert (Spriggan Enchanter)          Turns: 11135, Time: 00:45:02

Health: 0/44       AC:  3    Str:  4    XL:     10   Next: 33%
Magic:  21/24      EV: 23    Int: 19    God:    Dithmenos [*.....]
Gold:   539        SH:  0    Dex: 18    Spells: 19/27 levels left

rFire   . . .      SeeInvis +   a - +2 dagger (flame)
rCold   . . .      Faith    .   (no shield)
rNeg    . . .      Spirit   .   y - +0 robe
rPois   .          Reflect  .   s - +0 hat
rElec   .          Harm     .   o - +0 cloak
rCorr   .          Rampage  .   (gloves unavailable)
Will    +....                   (boots unavailable)
Stlth   ++++++....              (no amulet)
HPRegen 0.14/turn               (no ring)
MPRegen 0.19/turn               (no ring)

@: on blink cooldown, wreathed by umbra, very quick
A: very small, no large weapons, unfitting armour, see invisible, speed 3
a: Renounce Religion


You were on level 9 of the Dungeon.
You worshipped Dithmenos.
Dithmenos was aware of your devotion.
You visited 2 branches of the dungeon, and saw 10 of its levels.
You also visited: Ossuary.

You collected 539 gold pieces.


Innate Abilities, Weirdness & Mutations

You are very small and have problems with some larger weapons.
You are too small for most types of armour.
You have supernaturally acute eyesight. (SInv)
You cover ground extremely quickly. (Speed+++)


   Skills:
 + Level 5.3 Short Blades
 + Level 9.0 Dodging
 + Level 11.0 Stealth
 * Level 9.2 Spellcasting
 * Level 9.2 Hexes
 - Level 4.1 Translocations
 + Level 3.3 Transmutations
 + Level 2.4 Poison Magic


You had 19 spell levels left.
You knew the following spells:

 Your Spells              Type           Power      Damage    Failure   Level
a - Ensorcelled Hibernat  Hex/Ice        52%        N/A       1%          2
b - Confusing Touch       Hex            43%        N/A       1%          3
c - Sting                 Tmut/Pois      76%        1d6       2%          1
z - Blink                 Tloc           48%        N/A       2%          2

Your spell library contained the following spells:

 Spells                   Type           Power      Damage    Failure   Level
 Apportation              Tloc           48%        N/A       1%          1
 Tukima's Dance           Hex            43%        N/A       1%          3
 Dazzling Flash           Conj/Hex       52%        N/A       3%          3
 Gell's Gravitas          Tloc           24%        N/A       4%          3
 Lesser Beckoning         Tloc           24%        N/A       4%          3
 Teleport Other           Tloc           24%        N/A       4%          3
 Sandblast                Erth           16%        2d6       9%          1
 Manifold Assault         Tloc           24%        N/A       38%         5
 Alistair's Intoxication  Tmut/Pois      12%        N/A       56%         5
 Airstrike                Air            4%         2d(1-17)  63%         4
 Summon Lightning Spire   Summ/Air       8%         N/A       63%         4
 Lightning Bolt           Conj/Air       4%         1d15      92%         5

Inventory:

Hand Weapons
 a - a +2 dagger of flaming (weapon)
 b - a +4 shortbow
 c - a +1 dagger of protection
 z - a +3 flail of draining
 G - a +0 sling
Missiles
 x - 2 atropa-tipped darts (quivered)
 D - 3 throwing nets {=f}
Armour
 o - a +0 cloak (worn)
 s - a +0 hat (worn)
 y - a +0 robe (worn)
Wands
 r - a wand of polymorph (4)
 B - a wand of roots (26)
 I - a wand of flame (28)
 L - a wand of charming (2)
Scrolls
 d - a scroll of blinking {unknown}
 e - 6 scrolls of identify {@r1}
 f - a scroll of silence {unknown}
 j - 2 scrolls of noise {unknown}
 m - 4 scrolls of vulnerability
 n - 4 scrolls of teleportation {@r2}
 t - 2 scrolls of enchant weapon {unknown}
 v - a scroll of amnesia {unknown}
 A - 2 scrolls of enchant armour {unknown}
 H - a scroll of fog {unknown}
 J - a scroll of magic mapping {unknown}
 K - a scroll of immolation {unknown}
Potions
 g - 2 potions of magic {unknown}
 h - a potion of flight {unknown}
 i - a potion of haste {unknown}
 k - 2 potions of lignification {unknown}
 l - a potion of brilliance {unknown}
 p - a potion of degeneration {unknown}
 q - 7 potions of heal wounds {@q2}
 u - a potion of attraction {unknown}
 w - 7 potions of curing {unknown}
 C - a potion of mutation {unknown}
 E - a potion of ambrosia {unknown}
 F - 2 potions of berserk rage {!q}

Dungeon Overview and Level Annotations

Branches:
Dungeon (9/15)             Temple (1/1) D:6            Lair (0/5) D:8
Ossuary (visited)
    Orc: D:9-12

Altars:
Ashenzari
Cheibriados
Dithmenos
Elyvilon
Fedhas
Gozag
Kikubaaqudgha
Makhleb
Okawaru
Qazlal
Ru
Sif Muna
Trog
Uskayaw
Wu Jian
Xom
Yredelemnul
Zin
The Shining One

###############
#.......##....####.
#..................
#.@................
#..................
#..................
#...........<......
#..................
##.....R##########.
##.....ยง##
+........#
#........#


You could see an efreet.


Message History

Okay, then.
Casting: Ensorcelled Hibernation (safe; 1% risk of failure)
Confirm with . or Enter, or press ? or * to list all spells.
Aiming: Ensorcelled Hibernation (safe; 1% risk of failure)
Press: ? - help, Shift-Dir - straight line, f - efreet
Aim: an efreet, wielding a +4 scimitar of flaming (wandering, hasn't noticed you, chance to affect: 57%)
The efreet looks drowsy...
The efreet completely misses you.
You barely miss the efreet.
Casting: Ensorcelled Hibernation (safe; 1% risk of failure)
Confirm with . or Enter, or press ? or * to list all spells.
Aiming: Ensorcelled Hibernation (safe; 1% risk of failure)
Press: ? - help, Shift-Dir - straight line, f - you, p - efreet
Okay, then.
You hit the efreet but do no damage. The efreet misses you.
You hit the efreet.
The efreet is lightly wounded.
The efreet closely misses you.
You hit the efreet but do no damage.
The efreet hits you with a +4 scimitar of flaming!!
Ouch! That really hurt!
* * * LOW HITPOINT WARNING * * *
The efreet burns you.
* * * LOW HITPOINT WARNING * * *
Casting: Ensorcelled Hibernation (safe; 1% risk of failure)
Confirm with . or Enter, or press ? or * to list all spells.
You blink.
The efreet gestures at you. The bolt of fire hits you!!
You die...

Skill      XL: |  1  2  3  4  5  6  7  8  9 10 |
---------------+-------------------------------+-----
Dodging        | 3 4 5 6 7 8 9 |  9.0
Stealth        | 5 6 7 8 9 10 11 | 11.0
Translocations | 1 2 3 4 |  4.1
Spellcasting   | 3 4 5 7 8 9 |  9.2
Hexes          | 4 5 6 8 9 |  9.2
Short Blades   | 2 3 4 5 |  5.3
Transmutations | 2 3 |  3.3
Poison Magic   | 1 2 |  2.4

Action                   |  1- 3 |  4- 6 |  7- 9 | 10-12 || total
-------------------------+-------+-------+-------+-------++-------
Melee: Dagger            |    63 |   172 |   139 |    15 ||   389
       Punch             |       |     1 |     1 |       ||     2
 Fire: Sling             |       |    43 |    10 |       ||    53
       Shortbow          |       |       |    15 |    12 ||    27
Throw: Dart              |       |       |     2 |       ||     2
 Cast: Ensorcelled Hiber |       |    33 |    60 |    19 ||   112
       Blink             |       |     1 |       |     1 ||     2
       Sting             |       |       |     5 |       ||     5
       Confusing Touch   |       |       |     4 |       ||     4
Evoke: Wand              |       |       |    19 |       ||    19
  Use: Potion            |     1 |     1 |     1 |       ||     3
       Scroll            |       |     1 |     3 |       ||     4
 Stab: Sleeping          |     9 |    25 |    46 |    10 ||    90
       Invisible         |     1 |       |     1 |       ||     2
       Distracted        |       |     1 |     1 |       ||     2
       Confused          |       |       |     4 |       ||     4
Armor: Robe              |     4 |    20 |    11 |       ||    35
Dodge: Dodged            |    52 |   151 |    92 |    12 ||   307

Levels and vault maps discovered:
D:1:      heliophobic_arrival_dark_side_of_the_moon, layout_basic,
          serial_rivers, chequers_serial_rivers_micro_e,
          chequers_serial_rivers_marsh, chequers_serial_rivers_small_a,
          chequers_serial_rivers_micro_a, chequers_serial_rivers_room_b,
          ebering_ecumenical_altar_hall
D:2:      layout_loops_corners, reono_crystal_passage, minmay_misc_feat_plants,
          palyth_stone_intersect, uniq_jessica
D:3:      layout_rooms
D:4:      layout_basic, chei_slow_surprise, mainiacjoe_overflow_swirl,
          demons_altar, nicolae_ossuary_entry_plus, uniq_menkaure
D:5:      layout_basic, mainiacjoe_overflow_small_starburst, uniq_ijyb,
          uniq_grinder, uniq_edmund
D:6:      layout_basic, temple_doors_cd, minmay_hedge_maze
D:7:      layout_loops_corners, nicolae_sif_muna_little_library
D:8:      layout_loops_ring, chequers_temple_overflow_statue_of_worship,
          david_lair_shrubbed, dreamdust_mushroom_princess,
          dilly_guarded_unrand_elemental_staff
D:9:      layout_gridville, mainiacjoe_overflow_six_doors_small
Temple:   hellmonk_temple_divided_pantheon

Notes
Turn   | Place    | Note
-------+----------+-------------------------------------------
     0 | D:1      | kingofthe the Spriggan Enchanter began the quest for the
                  | Orb.
     0 | D:1      | Reached XP level 1. HP: 9/9 MP: 5/5
   442 | D:1      | Reached skill level 3 in Dodging
   446 | D:1      | Found a faded altar of an unknown god.
   502 | D:1      | Reached skill level 5 in Stealth
   502 | D:1      | Reached XP level 2. HP: 13/13 MP: 6/6
   505 | D:1      | Learned a level 2 spell: Blink
  1076 | D:2      | Reached skill level 1 in Translocations
  1255 | D:2      | Noticed Jessica
  1454 | D:2      | Learned a level 2 spell: Ensorcelled Hibernation
  1664 | D:2      | Reached XP level 3. HP: 12/16 MP: 8/8
  2022 | D:2      | Killed Jessica
  2023 | D:2      | Reached skill level 4 in Dodging
  2023 | D:2      | Reached skill level 2 in Translocations
  2023 | D:2      | Reached XP level 4. HP: 21/21 MP: 9/9
  2426 | D:3      | Reached skill level 6 in Stealth
  3155 | D:3      | Reached skill level 3 in Spellcasting
  3155 | D:3      | Reached XP level 5. HP: 24/24 MP: 5/10
  3316 | D:3      | Reached skill level 3 in Translocations
  3438 | D:4      | Found a sand-covered staircase.
  3442 | Ossuary  | Entered an ossuary
  3508 | Ossuary  | HP: 2/24 [bog mummy (14)]
  3516 | Ossuary  | HP: 1/24 [bullfrog zombie (2)]
  3832 | D:4      | Noticed Menkaure
  4083 | D:4      | Reached skill level 5 in Dodging
  4110 | D:4      | Reached skill level 7 in Stealth
  4331 | D:4      | Found a snail-covered altar of Cheibriados.
  4689 | D:4      | Found an ornate altar of the Wu Jian Council.
  4714 | D:4      | Found an ancient bone altar of Kikubaaqudgha.
  4872 | D:4      | Reached XP level 6. HP: 28/28 MP: 12/12
  4942 | D:4      | Found a burning altar of Makhleb.
  4968 | D:5      | Entered Level 5 of the Dungeon
  5015 | D:5      | Found a glowing silver altar of Zin.
  5017 | D:5      | Noticed a water moccasin
  5029 | D:5      | Killed a water moccasin
  5030 | D:5      | Reached skill level 6 in Dodging
  5030 | D:5      | Reached skill level 8 in Stealth
  5030 | D:5      | Reached skill level 4 in Translocations
  5225 | D:5      | Noticed Edmund
  5327 | D:5      | Killed Edmund
  5328 | D:5      | Reached skill level 4 in Spellcasting
  5328 | D:5      | Reached skill level 4 in Hexes
  5328 | D:5      | Reached XP level 7. HP: 15/32 MP: 8/14
  5524 | D:5      | Noticed Grinder
  5828 | D:5      | Noticed Ijyb
  5914 | D:4      | Learned a level 3 spell: Confusing Touch
  5963 | D:4      | Killed Menkaure
  5964 | D:4      | Reached skill level 2 in Short Blades
  5996 | D:5      | Killed Grinder
  5997 | D:5      | Reached skill level 5 in Spellcasting
  5997 | D:5      | Reached skill level 5 in Hexes
  5997 | D:5      | Reached XP level 8. HP: 19/36 MP: 16/16
  6293 | D:5      | Killed Ijyb
  6398 | D:5      | Reached skill level 7 in Dodging
  6398 | D:5      | Reached skill level 9 in Stealth
  7156 | D:6      | Reached skill level 3 in Short Blades
  7156 | D:6      | Reached skill level 6 in Spellcasting
  7156 | D:6      | Reached skill level 6 in Hexes
  7178 | D:6      | Found a staircase to the Ecumenical Temple.
  7183 | Temple   | Entered the Ecumenical Temple
  7183 | Temple   | Found a transporter.
  7183 | Temple   | Found a transporter.
  7185 | Temple   | Found a transporter.
  7185 | Temple   | Found a transporter.
  7220 | Temple   | Became a worshipper of Dithmenos the Shadowed
  8140 | D:7      | Reached skill level 7 in Spellcasting
  8162 | D:7      | Reached XP level 9. HP: 15/39 MP: 0/20
  8426 | D:7      | Reached skill level 7 in Hexes
  8571 | D:7      | Reached skill level 4 in Short Blades
  8704 | D:7      | Reached skill level 8 in Dodging
  8704 | D:7      | Reached skill level 10 in Stealth
  9149 | D:7      | Found a shimmering blue altar of Sif Muna.
  9157 | D:7      | Got Sif Muna's Almanac of Toxicity
  9161 | D:7      | Got Sif Muna's Handbook of Excavation
  9164 | D:7      | Learned a level 1 spell: Sting
  9250 | D:7      | Reached * piety under Dithmenos
  9658 | D:8      | Found an iron altar of Okawaru.
  9658 | D:8      | Found a sacrificial altar of Ru.
  9658 | D:8      | Found an opulent altar of Gozag.
  9658 | D:8      | Found a stormy altar of Qazlal.
  9722 | D:8      | Reached skill level 8 in Spellcasting
  9789 | D:8      | Reached skill level 8 in Hexes
  9789 | D:8      | Reached skill level 1 in Transmutations
  9918 | D:8      | Reached skill level 1 in Poison Magic
 10245 | D:8      | Reached skill level 2 in Transmutations
 10270 | D:8      | Found a staircase to the Lair.
 10271 | D:8      | Noticed a komodo dragon
 10417 | D:8      | Reached XP level 10. HP: 37/44 MP: 20/23
 10553 | D:8      | Reached skill level 5 in Short Blades
 10582 | D:8      | Reached skill level 2 in Poison Magic
 10748 | D:8      | Reached skill level 9 in Spellcasting
 10748 | D:8      | Reached skill level 9 in Hexes
 10753 | D:8      | Reached skill level 3 in Transmutations
 10938 | D:8      | Noticed a gargoyle
 11009 | D:8      | Reached skill level 9 in Dodging
 11009 | D:8      | Reached skill level 11 in Stealth
 11135 | D:9      | Killed from afar by an efreet

Vanquished Creatures
  An efreet (D:8)
  Grinder (D:5)
  A hornet (D:8)
  A wyvern (D:6)
  9 yaks
  Menkaure (D:4)
  Edmund (D:5)
  An acid dragon (D:8)
  2 water moccasins
  2 black bears
  An orc warrior (D:8)
  2 ice beasts
  4 sky beasts
  2 ogres
  3 centaurs
  A gnoll sergeant (D:8)
  2 scorpions (D:7)
  4 wights (D:7)
  A howler monkey (D:5)
  A centaur zombie (Ossuary)
  2 orc priests (D:7)
  3 iron imps (D:4)
  4 jellies
  3 hounds
  Jessica (D:2)
  Ijyb (D:5)
  3 iguanas
  4 orc wizards
  11 adders
  4 gnolls (D:8)
  2 shadow imps
  A worm (D:4)
  3 dart slugs
  24 orcs
  7 ball pythons
  5 endoplasms
  8 hobgoblins
  6 kobolds
  A quokka (D:1)
  3 bats
  2 frilled lizards
  4 goblins
  4 rats
147 creatures vanquished.

Vanquished Creatures (others)
  11 fungi (D:8)
  6 withered plants (Ossuary)
17 creatures vanquished.

Grand Total: 164 creatures vanquished

Table legend: (Time is in decaauts)
 A = Elapsed time spent in this place.
 B = Non-inter-level travel time spent in this place.
 C = Inter-level travel time spent in this place.
 D = Time resting spent in this place.
 E = Time spent auto-exploring this place.
 F = Levels seen in this place.
 G = Mean time per level.
                   A        B        C        D        E       F      G
               +--------+--------+--------+--------+--------+-----+--------+
         Total |   8558 |   8142 |    416 |   1935 |   4048 |  11 |  778.0 |
       Dungeon |   8447 |   8037 |    410 |   1899 |   4044 |   9 |  938.6 |
        Temple |     36 |     31 |      5 |      0 |      3 |   1 |   36.0 |
       Ossuary |     74 |     74 |      0 |     36 |      0 |   1 |   74.0 |
               +--------+--------+--------+--------+--------+-----+--------+

Top non-repeatable levels by time:
     D:4: 1665 daAuts
     D:7: 1591 daAuts
     D:2: 1455 daAuts
     D:5: 1173 daAuts
     D:8: 826 daAuts
     D:6: 664 daAuts
     D:1: 650 daAuts
     D:3: 385 daAuts
 Ossuary: 74 daAuts
  Temple: 36 daAuts
     D:9: 34 daAuts

Table legend:
 A = Non-vault XP
 B = Vault XP
 C = Vault XP percentage of total XP
 D = Non-vault monster count
 E = Vault monster count
 F = Vault count percentage of total count
                 A         B        C        D         E       F
            +---------+---------+-------+---------+---------+-------
      Total |    6133 |    1208 |  16.5 |     136 |      11 |   7.5
            +---------+---------+-------+---------+---------+-------
        D:1 |      14 |       0 |   0.0 |       9 |       0 |   0.0
        D:2 |      75 |      37 |  33.0 |      20 |       1 |   4.8
        D:3 |      94 |       0 |   0.0 |      15 |       0 |   0.0
        D:4 |     110 |     299 |  73.1 |      17 |       5 |  22.7
        D:5 |     557 |     484 |  46.5 |      12 |       3 |  20.0
        D:6 |     761 |       0 |   0.0 |      10 |       0 |   0.0
        D:7 |    1728 |       0 |   0.0 |      32 |       0 |   0.0
        D:8 |    2794 |     344 |  11.0 |      21 |       1 |   4.5
    Ossuary |       0 |      44 | 100.0 |       0 |       1 | 100.0
            +---------+---------+-------+---------+---------+-------
